 Dungeon Crawl Stone Soup version 0.23-a0-307-gc3b755d (webtiles) character file.

458649 Nib the Crack Shot (level 23, -1/215 HPs)
             Began as a Centaur Hunter on Oct 9, 2018.
             Was the Champion of Okawaru.
             Slain by an ice dragon (7 damage)
             ... on level 4 of the Depths on Oct 10, 2018.
             The game lasted 02:54:53 (69176 turns).

Nib the Crack Shot (Centaur Hunter)                Turns: 69176, Time: 02:54:54

Health: -1/215     AC: 29    Str: 23    XL:     23   Next: 32%
Magic:  37/37      EV:  6    Int: 14    God:    Okawaru [******]
Gold:   1302       SH:  0    Dex: 25    Spells: 13/43 levels left

rFire    + + +     SeeInvis +   a - +9 longbow of Xorus {freeze, rElec MR+ Stlth-}
rCold    + . .     Gourm    .   (shield currently unavailable)
rNeg     . . .     Faith    .   W - +2 plate armour {MR+}
rPois    +         Spirit   .   S - +0 helmet {SInv}
rElec    +         Reflect  .   D - +1 cloak of the Dropbear {+Inv rF++ Str+3}
rCorr    .         Harm     .   c - +2 pair of gloves {Str+3}
MR       +++..                  C - +3 centaur barding "Omoapneh" {rPois rF+ Dex+4 Slay+3}
Stlth    ..........             R - amulet of the acrobat
HPRegen  0.45/turn              l - ring of Xom's Recklessness {rElec Str-2 Dex+9 Slay+4}
MPRegen  0.25/turn              U - ring of protection from cold

@: very slightly contaminated, heavily drained, very quick
A: large, hooves 3, blink, deformed body, speed 2, sense surroundings 1, tough
skin 3
}: 2/15 runes: decaying, serpentine
a: Blink, Heroism, Finesse, Renounce Religion, Evoke Invisibility


You were on level 4 of the Depths.
You worshipped Okawaru.
Okawaru was exalted by your worship.
You were completely stuffed.

You visited 9 branches of the dungeon, and saw 43 of its levels.
You visited the Abyss 1 time.
You also visited: Ice Cave.

You collected 6029 gold pieces.
You spent 4727 gold pieces at shops.


Innate Abilities, Weirdness & Mutations

You have hooves in place of feet.
Armour fits poorly on your strangely shaped body.
You cover ground very quickly.
You have extremely tough skin. (AC +3)
You can translocate small distances at will.
You passively map a small area around you.


   Skills:
 + Level 19.7(16.1) Fighting
 - Level 21.0(17.3) Bows
 * Level 11.2(8.2) Armour
 - Level 8.0(5.2) Dodging
 - Level 2.1(0.0) Stealth
 * Level 10.8(7.9) Spellcasting
 * Level 11.3(8.3) Hexes
 * Level 12.1(9.1) Charms
 - Level 8.1(5.3) Necromancy
 - Level 8.0(5.2) Translocations
 * Level 14.1(10.9) Air Magic
 - Level 8.1(5.4) Invocations
 - Level 8.0(5.2) Evocations


You had 13 spell levels left.
You knew the following spells:

 Your Spells              Type           Power        Failure   Level  Hunger
a - Song of Slaying       Chrm           ####....     6%          2    None
b - Statue Form           Tmut/Erth      #........    100%        6    #######
c - Deflect Missiles      Chrm/Air       ####......   99%         6    #######
d - Portal Projectile     Hex/Tloc       ###...       32%         3    ##.....
e - Controlled Blink      Tloc           N/A          100%        8    #######
l - Blink                 Tloc           N/A          30%         2    None
z - Regeneration          Chrm/Necr      ####......   28%         3    ##.....

Your spell library contained the following spells:

 Spells                   Type           Power        Failure   Level  Hunger
 Infusion                 Chrm           ####         4%          1    None
 Corona                   Hex            ####...      6%          1    None
 Slow                     Hex            ####....     9%          2    None
 Shroud of Golubria       Chrm/Tloc      ####......   14%         2    None
 Spectral Weapon          Hex/Chrm       ####....     16%         3    ##.....
 Confuse                  Hex            ####....     17%         3    ##.....
 Tukima's Dance           Hex            ####....     17%         3    ##.....
 Corpse Rot               Necr           N/A          30%         2    None
 Ensorcelled Hibernation  Hex/Ice        ###...       45%         2    None
 Cause Fear               Hex            ####......   50%         4    ####...
 Gell's Gravitas          Tloc           ###.......   52%         3    ##.....
 Lesser Beckoning         Tloc           ###.......   52%         3    ##.....
 Teleport Other           Tloc           ###.....     52%         3    ##.....
 Ozocubu's Armour         Chrm/Ice       ###.....     63%         3    ##.....
 Silence                  Hex/Air        ####......   67%         5    #####..
 Dazzling Spray           Conj/Hex       ###...       69%         3    ##.....
 Mephitic Cloud           Conj/Pois/Air  ###.....     77%         3    ##.....
 Flame Tongue             Conj/Fire      #....        88%         1    None
 Freeze                   Ice            #...         88%         1    None
 Magic Dart               Conj           #...         88%         1    None
 Summon Lightning Spire   Summ/Air       ###.....     88%         4    ####...
 Passage of Golubria      Tloc           N/A          90%         4    ####...
 Call Imp                 Summ           #.......     95%         2    None
 Searing Ray              Conj           #.....       95%         2    None
 Throw Frost              Conj/Ice       #.....       95%         2    None
 Fulminant Prism          Conj/Hex       ###.......   97%         4    ####...
 Leda's Liquefaction      Hex/Erth       ###.......   97%         4    ####...
 Conjure Flame            Conj/Fire      #.......     99%         3    ##.....
 Stone Arrow              Conj/Erth      #.....       99%         3    ##.....
 Force Lance              Conj/Tloc      ##......     99%         4    ####...
 Ice Form                 Ice/Tmut       #.......     100%        4    ####...
 Iskenderun's Mystic Bla  Conj           #.......     100%        4    ####...
 Summon Ice Beast         Ice/Summ       #.......     100%        4    ####...
 Throw Icicle             Conj/Ice       #.......     100%        4    ####...
 Bolt of Magma            Conj/Fire/Erth #.........   100%        5    #####..
 Metabolic Englaciation   Hex/Ice        ###.......   100%        5    #####..
 Summon Forest            Summ/Tloc      ##........   100%        5    #####..
 Yara's Violent Unravell  Hex/Tmut       ###.......   100%        5    #####..
 Bolt of Cold             Conj/Ice       #.........   100%        6    #######
 Bolt of Fire             Conj/Fire      #.........   100%        6    #######
 Conjure Ball Lightning   Conj/Air       ###.......   100%        6    #######
 Dispersal                Tloc           ###.......   100%        6    #######
 Freezing Cloud           Conj/Ice/Air   ###.......   100%        6    #######
 Hydra Form               Tmut           #.........   100%        6    #######
 Iron Shot                Conj/Erth      #.........   100%        6    #######
 Ozocubu's Refrigeration  Ice            #.........   100%        6    #######
 Simulacrum               Ice/Necr       ##........   100%        6    #######
 Dragon Form              Tmut           #.........   100%        7    #######
 Summon Hydra             Summ           #.........   100%        7    #######
 Discord                  Hex            ####......   100%        8    #######
 Disjunction              Tloc           ###.......   100%        8    #######
 Dragon's Call            Summ           #.........   100%        9    #######
 Shatter                  Erth           #.........   100%        9    #######
 Tornado                  Air            #####.....   100%        9    #######

Inventory:

Hand Weapons
 a - the +9 longbow of Xorus (weapon) {freeze, rElec MR+ Stlth-}
   (Okawaru gifted it to you on level 15 of the Dungeon)

   It causes projectiles fired from it to freeze those they strike, causing
   extra injury to most foes and up to half again as much damage against
   particularly susceptible opponents.
   They can also slow down cold-blooded creatures.
   It insulates you from electricity.
   It affects your resistance to hostile enchantments.
   It makes you less stealthy.
 b - a +9 longbow of velocity
 A - a +2 trishula of holy wrath
Missiles
 d - 914 arrows (quivered)
 T - 5 throwing nets
Armour
 c - a +2 pair of gloves of strength (worn)
 i - +0 storm dragon scales
 p - +0 ice dragon scales
 C - the +3 centaur barding "Omoapneh" (worn) {rPois rF+ Dex+4 Slay+3}
   (Okawaru gifted it to you on level 6 of the Lair of Beasts)

   It affects your dexterity (+4).
   It affects your accuracy and damage with ranged weapons and melee attacks
   (+3).
   It protects you from fire.
   It protects you from poison.
 D - the +1 cloak of the Dropbear (worn) {+Inv rF++ Str+3}
   (You found it on level 3 of the Elven Halls)

   It affects your strength (+3).
   It greatly protects you from fire.
   It lets you turn invisible.
 O - a +1 centaur barding of flying
 S - a +0 helmet of see invisible (worn)
 W - a +2 plate armour of magic resistance (worn)
Jewellery
 l - the ring of Xom's Recklessness (left hand) {rElec Str-2 Dex+9 Slay+4}
   (You bought it in a shop on level 2 of the Snake Pit)

   [ring of slaying]

   It affects your strength (-2).
   It affects your dexterity (+9).
   It affects your accuracy and damage with ranged weapons and melee attacks
   (+4).
   It insulates you from electricity.
 E - an uncursed ring of protection from magic
 R - an amulet of the acrobat (around neck)
 U - a ring of protection from cold (right hand)
 X - an uncursed ring of resist corrosion
Wands
 o - a wand of acid (21)
 y - a wand of iceblast (3)
 P - a wand of digging (23)
Scrolls
 j - 5 scrolls of blinking
 q - 18 scrolls of teleportation
 r - 6 scrolls of enchant armour
 t - 4 scrolls of fog
 v - a scroll of silence
 w - 7 scrolls of remove curse
 B - 6 scrolls of immolation
 I - 4 scrolls of fear
 L - 6 scrolls of magic mapping
 M - a scroll of identify
 N - 2 scrolls of summoning
Potions
 e - 7 potions of invisibility
 g - 8 potions of haste
 h - 8 potions of brilliance
 k - 10 potions of agility
 n - 9 potions of flight
 s - 4 potions of magic
 u - 4 potions of ambrosia
 x - 12 potions of mutation
 F - 6 potions of curing
 J - 2 potions of lignification
 K - 2 potions of might
 Y - 6 potions of cancellation
Miscellaneous
 m - 3 phantom mirrors
 z - a sack of spiders
 G - a lightning rod (4/4)
 V - 3 boxes of beasts
 Z - a lamp of fire (inert)
Comestibles
 f - 4 rations
 H - 4 chunks of flesh


Message History

The poison arrow hits you!
You are poisoned.
You partially resist.
The stone giant is engulfed in blazing flames.
The ancient lich is engulfed in blazing flames.
The ancient lich touches you but does no damage.
You feel better.
The ancient lich is engulfed in blazing flames.
The ancient lich gestures at you while chanting.
You resist with almost no effort.
The stone giant is engulfed in blazing flames.
You regained 11 hp, and now have 14/215 hp.
Blink to where?
You are very lightly contaminated with residual magic.
As you read the scroll of blinking, it crumbles to dust.
An ice dragon comes into view.
The ice dragon roars deafeningly!
You hear a shout!
The ice dragon bites you but does no damage.
The ice dragon claws you! The ice dragon tramples you!
You die...

...[).....................#
........(.###############.#
.......#### , ≈ #≈≈≈#.###
.......#### ,≈ ≈ , #.#...#
....).....#∩, ≈.§≈≈≈≈.#..#+#####
#####(....#, .##§≈≈§≈#.......#
#####.....# * ##≈≈≈##.......#
..(.÷*###################.....<.#
(.[(((QC§§L.....@...............#
...(§§##########D..#..#####.#####
..((......D.D.................>#
*(....##########.#(...#####.####
####### #####.#....#####.# *, , ,
, ......#.(........# , ,, ..
.....#((....)...# ** #.#
#...#.(........# , (..
#...#(.........#


You could see an ancient lich and an ice dragon.

Vanquished Creatures
  Mennas (Vaults:2)
  Vashnia (Snake:3)
  Jory (Vaults:2)
  Rupert (Orc:2)
  4 liches
  2 deep elf blademasters (Elf:3)
  The ghost of Erid the Champion of Chaos, an adept DDFi of Makhleb (Vaults:1)
  A titan (Depths:3)
  Asterion (Snake:4)
  2 deep elf master archers (Elf:3)
  2 quicksilver dragons
  5 sphinxes
  A storm dragon (Vaults:4)
  Kirke (Snake:3)
  The ghost of Musoz the Impaler, an adept MfIE of Makhleb (Snake:4)
  A shadow dragon (Depths:4)
  A tengu reaver (Depths:1)
  2 thorn hunters
  8 nagarajas
  A fire giant (shapeshifter) (Depths:2)
  10 deep elf sorcerers
  10 vault wardens
  An orc warlord (Orc:2)
  Louise (D:15)
  6 frost giants
  2 deep elf elementalists (Elf:3)
  12 very ugly things
  12 ironheart preservers
  The ghost of Booproqi the Fighter, a journeyman DsFi of Ru (Orc:1)
  10 stone giants
  6 war gargoyles (Depths:2)
  A vampire knight (Depths:3)
  2 entropy weavers (Lair:6)
  Nessos (Orc:2)
  A lorocyproca (Depths:1)
  4 deep elf demonologists
  A spark wasp (Depths:3)
  6 deep elf annihilators
  Snorg (Orc:2)
  The ghost of Poomuxku the Severer, a journeyman FoFi of Gozag (D:13)
  3 blizzard demons
  A merfolk javelineer (Depths:1)
  An eidolon (Vaults:2)
  9 crystal guardians (Depths:2)
  5 deep elf death magi (Elf:3)
  2 ettins
  Josephine (Orc:2)
  2 jiangshi (Depths:4)
  10 fire dragons
  2 deep elf high priests (Elf:3)
  4 great orbs of eyes
  7 yaktaur captains
  3 ice dragons
  2 vault guards (Vaults:2)
  5 rakshasas
  14 naga warriors
  29 hydras
  3 ghost crabs
  An anaconda (shapeshifter) (Vaults:1)
  3 shambling mangroves
  Erica (Orc:1)
  6 death knights
  29 two-headed ogres
  13 ogre magi
  10 centaur warriors
  A spriggan air mage (Depths:2)
  38 dancing weapons
  7 death yaks
  A queen ant (Lair:6)
  10 anacondas
  8 alligators
  4 catoblepae
  A death yak (shapeshifter) (Depths:2)
  6 tengu warriors
  2 deep troll earth magi
  3 spriggan berserkers (Swamp:4)
  2 vampire magi
  Urug (Lair:2)
  6 shock serpents
  25 naga sharpshooters
  18 deep elf knights
  An orc high priest (Orc:2)
  2 thrashing horrors (Abyss:3)
  9 hell knights (D:11)
  A soul eater (Depths:3)
  Sonja (Orc:2)
  A shadow wraith (Vaults:3)
  12 deep trolls
  3 skeletal warriors (Vaults:2)
  Nergalle (Orc:2)
  10 swamp dragons
  A death drake (shapeshifter) (Depths:3)
  A shadow demon (Depths:1)
  2 unseen horrors
  3 salamander mystics (Snake:4)
  A spriggan druid (Swamp:4)
  5 glowing orange brains
  4 phantasmal warriors
  7 naga ritualists
  2 flayed ghosts
  A deep troll (shapeshifter) (Depths:2)
  13 wizards
  A swamp dragon (shapeshifter) (Depths:2)
  4 obsidian statues (Depths:2)
  7 deep elf archers
  13 ironbrand convokers
  A sphinx zombie (Vaults:4)
  A wolf spider zombie (D:14)
  5 oklob plants
  4 necromancers
  5 manticores
  4 orc sorcerers
  12 orc knights
  4 mana vipers
  A stone giant zombie (Vaults:1)
  A human zombie (Vaults:4)
  33 ugly things
  7 cyclopes
  2 wolf spiders (Vaults:3)
  56 deep elf magi
  A moth of wrath (shapeshifter) (Depths:2)
  A wolf spider (shapeshifter) (Depths:2)
  A fire giant zombie (Vaults:1)
  6 elephants (Lair:4)
  7 vault sentinels
  Maurice (D:13)
  2 rust devils (D:9)
  15 salamanders
  4 centaur zombies
  3 molten gargoyles (Depths:2)
  A torpor snail (Lair:6)
  A black mamba (shapeshifter) (Vaults:3)
  28 black mambas
  3 guardian serpents
  A stone giant skeleton (Vaults:4)
  5 ice statues
  19 spiny frogs
  22 naga magi
  2 water nymphs (shapeshifter) (Depths:2)
  2 torpor snails (shapeshifter) (Depths:2)
  2 gargoyles
  A yaktaur zombie (Vaults:4)
  7 rime drakes
  15 freezing wraiths
  7 komodo dragons
  4 tengu conjurers
  2 yaktaurs (shapeshifter) (Vaults:2)
  3 kobold demonologists
  2 anaconda simulacra (IceCv)
  48 yaktaurs
  A komodo dragon (shapeshifter) (Depths:2)
  A red devil (Depths:3)
  13 ice devils (IceCv)
  2 merfolk
  17 tyrant leeches
  A meliai (shapeshifter) (Vaults:3)
  2 polar bears (shapeshifter)
  9 trolls
  A troll (shapeshifter) (Vaults:1)
  A queen bee (shapeshifter) (Vaults:2)
  14 hornets
  7 polar bears
  A wind drake (Depths:2)
  18 blink frogs
  7 hippogriffs
  9 bog bodies
  33 slime creatures
  5 dream sheep (Lair:5)
  3 raiju (Depths:2)
  A snapping turtle (shapeshifter) (D:15)
  11 air elementals
  A stone giant simulacrum (Vaults:1)
  4 spriggans
  A fire giant simulacrum (Vaults:3)
  17 water elementals
  A meliai zombie (D:13)
  A centaur simulacrum (D:13)
  A spriggan (shapeshifter) (Vaults:2)
  A redback (shapeshifter) (Depths:2)
  16 humans (D:14)
  An ettin skeleton (Vaults:4)
  A wyvern (D:8)
  3 dire elephant simulacra (IceCv)
  6 wraiths
  Sigmund (D:5)
  58 yaks
  7 fire elementals
  2 vampires
  2 hogs (Snake:3)
  9 steam dragons
  2 hungry ghosts
  Grum (D:11)
  8 basilisks
  25 vampire mosquitoes
  2 harpy simulacra (IceCv)
  Edmund (D:5)
  4 insubstantial wisps (Depths:2)
  A steam dragon (shapeshifter) (Depths:3)
  An iron troll simulacrum (IceCv)
  2 wargs
  14 swamp worms
  51 nagas
  A naga (shapeshifter) (Vaults:3)
  2 soldier ants (shapeshifter)
  25 soldier ants (Lair:6)
  8 hell hounds
  11 water moccasins
  A hydra simulacrum (IceCv)
  6 porcupines
  A spectral hornet (D:13)
  4 ice beasts
  Duvessa (D:4)
  An ettin simulacrum (IceCv)
  17 swamp drakes
  A black bear (shapeshifter) (Elf:2)
  33 orc warriors
  5 sky beasts
  A black bear (D:9)
  An eye of draining (shapeshifter) (Vaults:3)
  15 boggarts
  37 ogres
  An eye of draining (D:12)
  6 necrophages
  6 phantoms
  22 wolves
  2 human skeletons (Vaults:1)
  11 centaurs
  An elf skeleton (Vaults:4)
  18 crocodiles
  19 bullfrogs
  3 big kobolds
  Dowan (D:4)
  A deep troll simulacrum (Vaults:4)
  9 earth elementals
  3 scorpions
  A wyvern skeleton (D:14)
  5 killer bees (D:9)
  4 howler monkeys
  6 wights
  9 electric eels
  12 crimson imps
  2 bullfrog zombies
  4 jellies
  23 orc priests
  4 hounds
  An iron imp (Depths:1)
  27 orc wizards
  4 centaur skeletons
  Crazy Yiuf (D:5)
  2 bullfrog skeletons
  2 iguanas
  32 worker ants
  2 killer bee zombies
  A hound zombie (D:6)
  2 hound skeletons
  Robin (D:4)
  7 gnolls
  A howler monkey skeleton (D:6)
  7 adders
  5 shadow imps
  An ooze (D:2)
  An adder zombie (D:6)
  3 worms
  2 ball lightnings (Depths:2)
  3 dart slugs
  7 leopard geckos
  88 orcs
  4 giant cockroaches
  10 hobgoblins
  A jackal (D:2)
  5 quokkas
  2 ball pythons
  4 bats
  5 frilled lizards
  15 goblins
  A jackal skeleton (D:4)
  17 kobolds
  2 leopard gecko skeletons
  5 rats
  3 plants
1904 creatures vanquished.

Vanquished Creatures (others)
  A fire giant (Depths:4)
  A war gargoyle (Depths:2)
  A very ugly thing (Depths:2)
  A hydra (Lair:5)
  A spriggan air mage (Depths:3)
  A wretched star (Abyss:3)
  A deep elf archer (Elf:1)
  A glowing orange brain (Depths:2)
  A naga mage (Snake:4)
  2 blink frogs (Lair:5)
  A human (Snake:3)
  A crocodile (Lair:5)
  11 ball lightnings (Depths:2)
  7 fungi
  27 plants
58 creatures vanquished.

Grand Total: 1962 creatures vanquished

Notes
Turn   | Place    | Note
-------+----------+-------------------------------------------
     0 | D:1      | Nib the Centaur Hunter began the quest for the Orb.
     0 | D:1      | Reached XP level 1. HP: 17/17 MP: 1/1
   334 | D:1      | Reached XP level 2. HP: 23/24 MP: 2/2
   384 | D:1      | Reached skill level 1 in Stealth
  1023 | D:2      | Reached XP level 3. HP: 28/30 MP: 3/3
  1270 | D:2      | Reached skill level 6 in Bows
  1675 | D:3      | Found a sacrificial altar of Ru.
  1923 | D:3      | Reached XP level 4. HP: 26/37 MP: 4/4
  2671 | D:3      | Found a faded altar of an unknown god.
  2779 | D:4      | Found a radiant altar of Vehumet.
  2821 | D:4      | Noticed Robin
  3221 | D:4      | Reached skill level 3 in Fighting
  3221 | D:4      | Reached XP level 5. HP: 32/45 MP: 5/5
  3252 | D:4      | Killed Robin
  3354 | D:4      | Noticed Dowan
  3377 | D:4      | Reached skill level 7 in Bows
  3533 | D:4      | HP: 11/45 [poisoned by a worker ant]
  3538 | D:4      | HP: 8/45 [poisoned by a worker ant]
  3543 | D:4      | HP: 7/45 [poisoned by a worker ant]
  3548 | D:4      | HP: 5/45 [poisoned by a worker ant]
  3554 | D:3      | HP: 4/45 [poisoned by a worker ant]
  3562 | D:3      | HP: 4/45 [poisoned by a worker ant]
  3964 | D:4      | Reached XP level 6. HP: 51/51 MP: 6/6
  4157 | D:4      | Found a hide-covered altar of Uskayaw.
  4168 | D:4      | Noticed Duvessa
  4474 | D:4      | Reached skill level 8 in Bows
  4486 | D:4      | HP: 9/52 [Duvessa/enchanted short sword (6)]
  4491 | D:4      | HP: 10/52 [Duvessa/enchanted short sword (8)]
  4495 | D:4      | Killed Duvessa
  4497 | D:4      | Gained mutation: You passively map a small area around you.
                  | [potion of mutation]
  4497 | D:4      | Gained mutation: You can translocate small distances at
                  | will. [potion of mutation]
  4503 | D:4      | HP: 19/78 [Dowan/wand of flame (19) (2)]
  4509 | D:4      | Killed Dowan
  4931 | D:5      | Entered Level 5 of the Dungeon
  4950 | D:5      | Reached XP level 7. HP: 41/59 MP: 7/7
  5065 | D:5      | Reached skill level 9 in Bows
  5185 | D:5      | Noticed Sigmund
  5200 | D:5      | Killed Sigmund
  5491 | D:5      | Found a shadowy altar of Dithmenos.
  5521 | D:5      | Reached skill level 10 in Bows
  5678 | D:5      | Found a runed door.
  5726 | D:5      | Noticed Edmund
  5753 | D:5      | Reached XP level 8. HP: 68/68 MP: 8/8
  5772 | D:5      | Killed Edmund
  6411 | D:5      | Reached skill level 11 in Bows
  6705 | D:5      | Noticed Crazy Yiuf
  6710 | D:5      | Killed Crazy Yiuf
  7278 | D:6      | Reached skill level 6 in Fighting
  7616 | D:6      | Reached skill level 12 in Bows
  7636 | D:6      | HP: 15/71 [yak (13)]
  7646 | D:6      | HP: 16/106 [yak (5)]
  7648 | D:6      | Reached XP level 9. HP: 18/78 MP: 9/9
  8143 | D:5      | Found a staircase to the Ecumenical Temple.
  8154 | Temple   | Entered the Ecumenical Temple
  8304 | Temple   | Became a worshipper of Warmaster Okawaru
  8373 | D:6      | HP: 19/78 [poisoned by an orc warrior]
  8378 | D:6      | HP: 18/78 [poisoned by an orc warrior]
  8383 | D:5      | HP: 17/78 [poisoned by an orc warrior]
  8390 | D:5      | HP: 17/78 [poisoned by an orc warrior]
  8398 | D:5      | HP: 17/78 [poisoned by an orc warrior]
  8752 | D:6      | Reached skill level 13 in Bows
  8752 | D:6      | Reached skill level 1 in Invocations
  9117 | D:7      | Noticed a two-headed ogre
  9141 | D:7      | Killed a two-headed ogre
  9141 | D:7      | Reached * piety under Okawaru
  9141 | D:7      | Reached ** piety under Okawaru
  9141 | D:7      | Reached skill level 14 in Bows
  9141 | D:7      | Reached skill level 3 in Invocations
  9196 | D:7      | Found a hazy altar of Hepliaklqana.
  9637 | D:7      | Reached XP level 10. HP: 87/88 MP: 13/13
  9867 | D:7      | Reached *** piety under Okawaru
 11030 | D:8      | Reached skill level 15 in Bows
 11644 | D:9      | HP: 22/90 [killer bee (1)]
 11652 | D:9      | HP: 18/90 [poisoned by a killer bee]
 11660 | D:9      | HP: 17/90 [poisoned by a killer bee]
 11850 | D:9      | p0werm0de: y0y0y0
 11853 | D:9      | Nib: yooo
 11853 | D:9      | Nib: sup dude
 11916 | D:9      | Found a stormy altar of Qazlal.
 11924 | D:9      | Found a staircase to the Orcish Mines.
 11937 | D:8      | Noticed a rust devil
 11937 | D:8      | Noticed a rust devil
 12015 | D:9      | Killed a rust devil
 12015 | D:9      | Received a gift from Okawaru
 12154 | D:9      | Killed a rust devil
 12312 | D:9      | Noticed an ice statue
 12514 | D:9      | Noticed a two-headed ogre
 12563 | D:9      | Killed a two-headed ogre
 12563 | D:9      | Reached **** piety under Okawaru
 12563 | D:9      | Reached skill level 9 in Fighting
 12563 | D:9      | Reached skill level 16 in Bows
 12563 | D:9      | Reached skill level 6 in Invocations
 12713 | D:9      | Reached XP level 11. HP: 87/97 MP: 15/15
 13047 | D:9      | Received a gift from Okawaru
 13407 | D:9      | p0werm0de: !mute Ge0ff
 13407 | D:9      | beem: Muting Ge0ff for forever.
 13413 | D:9      | Nib: lol
 13415 | D:9      | p0werm0de: ;D
 13425 | D:10     | Entered Level 10 of the Dungeon
 13426 | D:10     | p0werm0de: dude muted me
 13426 | D:10     | Nib: why
 13431 | D:10     | p0werm0de: for posting german rap videos and shittalking
 13503 | D:10     | p0werm0de: most boring person after normalperson7
 13503 | D:10     | Nib: lol
 13508 | D:10     | p0werm0de: in crawl community
 13537 | D:10     | Nib: they don't know you
 13585 | D:10     | p0werm0de: ok nebukadnezar also pretty boring
 13587 | D:10     | p0werm0de: maybe theyre just 50+ or something
 13587 | D:10     | Nib: he watches my games sometimes nebuka
 13605 | D:10     | p0werm0de: i know him quite well
 13610 | D:10     | p0werm0de: even where he lives etc
 13622 | D:10     | p0werm0de: hamburg hafencity
 13657 | D:10     | p0werm0de: hes ok but also a bit slow with jokes and doesnt
                  | make em on his own
 13985 | D:10     | Noticed a two-headed ogre
 14012 | D:10     | Killed a two-headed ogre
 14012 | D:10     | Received a gift from Okawaru
 14213 | D:10     | p0werm0de: sure they know me
 14275 | D:10     | p0werm0de: but its just another type of person, dislike
                  | edgy humor
 14291 | D:10     | p0werm0de: trash humor
 14299 | D:10     | p0werm0de: drugs
 14330 | D:10     | p0werm0de: so ye
 14744 | D:10     | Reached skill level 17 in Bows
 14981 | D:10     | p0werm0de: wtf gotta get up 6:30 or 7 lates
 14982 | D:10     | p0werm0de: still cant sleep
 14983 | D:10     | p0werm0de: wat do
 15050 | D:11     | Received a gift from Okawaru
 15308 | D:11     | Found a staircase to the Lair.
 15314 | D:11     | Noticed Grum
 15369 | D:11     | Killed Grum
 15475 | D:11     | Noticed a centaur warrior
 15488 | D:11     | Killed a centaur warrior
 15488 | D:11     | Reached ***** piety under Okawaru
 15761 | D:11     | Identified a scroll of acquirement
 15868 | D:11     | Noticed a six-headed hydra
 15874 | D:11     | Killed a six-headed hydra
 15874 | D:11     | Received a gift from Okawaru
 16040 | D:11     | Received a gift from Okawaru
 16142 | D:11     | Nib: ooh
 16142 | D:11     | Nib: i know this vault
 16142 | D:11     | Nib: it's a nice one
 16142 | D:11     | p0werm0de: hell knights
 16142 | D:11     | Nib: nice items/weapon drops
 16370 | D:11     | p0werm0de: ye only weapon if you need broadaxe or demon
 16392 | D:11     | p0werm0de: also only sometimes
 16420 | D:11     | p0werm0de: i think the normal vault stuff is bad
 16430 | D:11     | p0werm0de: only hell knight's weapons
 16431 | D:11     | Noticed a hell knight
 16431 | D:11     | Noticed a hell knight
 16431 | D:11     | Noticed a hell knight
 16595 | D:11     | Noticed a hell knight
 16641 | D:11     | Killed a hell knight
 16641 | D:11     | Received a gift from Okawaru
 16706 | D:11     | Reached skill level 18 in Bows
 16707 | D:11     | Noticed a necromancer
 16715 | D:11     | Noticed a hell knight
 16725 | D:11     | Killed a hell knight
 16725 | D:11     | Reached XP level 12. HP: 107/107 MP: 18/18
 17064 | D:11     | Received a gift from Okawaru
 17413 | D:11     | Reached skill level 19 in Bows
 18164 | D:12     | HP: 26/110 [vampire mosquito (3)]
 18543 | D:12     | Found Vovveim's Food Emporium.
 18543 | D:12     | Noticed a two-headed ogre
 18552 | D:12     | Killed a two-headed ogre
 19027 | D:12     | Reached skill level 20 in Bows
 19146 | D:12     | Reached skill level 12 in Fighting
 19452 | D:12     | Found a radiant altar of Vehumet.
 19637 | D:12     | Noticed a two-headed ogre
 19641 | D:12     | Killed a two-headed ogre
 19775 | D:12     | Received a gift from Okawaru
 19960 | D:12     | Learned a level 2 spell: Blink
 19972 | D:13     | Noticed a death knight
 20076 | Lair:1   | Entered Level 1 of the Lair of Beasts
 20093 | Lair:1   | Reached XP level 13. HP: 100/119 MP: 19/19
 20235 | Lair:1   | Reached skill level 1 in Armour
 20256 | Lair:1   | Reached skill level 1 in Evocations
 20413 | Lair:1   | p0werm0de: https://imgur.com/a/AvL817e
 20421 | Lair:1   | Nib: nice
 20421 | Lair:1   | Nib: chilling like that
 20509 | Lair:1   | Got a translucent leather armour
 20902 | Lair:1   | Identified the +3 leather armour of the Vacuum {rF++ rCorr
                  | Int-3} (You found it on level 1 of the Lair of Beasts)
 20970 | Lair:2   | Noticed Urug
 20982 | Lair:2   | Killed Urug
 21311 | Lair:2   | Reached skill level 3 in Armour
 21379 | Lair:2   | Found a staircase to the Snake Pit.
 21751 | Lair:2   | Reached skill level 3 in Evocations
 22457 | Lair:3   | Found a staircase to the Swamp.
 22467 | Lair:3   | Learned a level 2 spell: Song of Slaying
 22471 | Lair:3   | Learned a level 3 spell: Regeneration
 23231 | Lair:4   | Reached ****** piety under Okawaru
 23231 | Lair:4   | Received a gift from Okawaru
 23437 | Lair:4   | Noticed a fire dragon
 23451 | Lair:4   | Killed a fire dragon
 23451 | Lair:4   | Received a gift from Okawaru
 23808 | Lair:4   | Received a gift from Okawaru
 24123 | Lair:4   | Received a gift from Okawaru
 24289 | Lair:4   | Got a twisted morningstar
 24476 | Lair:4   | Reached skill level 6 in Armour
 24476 | Lair:4   | Reached XP level 14. HP: 129/129 MP: 20/20
 24491 | Lair:4   | Received a gift from Okawaru
 25075 | Lair:4   | Identified the +6 morningstar "Ihoxke" {distort, rC+} (You
                  | found it on level 4 of the Lair of Beasts)
 25076 | Lair:4   | Nib: fck
 25305 | Lair:5   | Received a gift from Okawaru
 25681 | Lair:5   | Received a gift from Okawaru
 26903 | Lair:5   | HP: 28/129 [black mamba (6)]
 26908 | Lair:5   | HP: 17/130 [poisoned by a black mamba]
 26913 | Lair:5   | HP: 12/130 [poisoned by a black mamba]
 26918 | Lair:5   | HP: 10/130 [poisoned by a black mamba]
 26924 | Lair:5   | HP: 8/130 [poisoned by a black mamba]
 26929 | Lair:5   | HP: 7/130 [poisoned by a black mamba]
 26936 | Lair:5   | HP: 7/130 [poisoned by a black mamba]
 26944 | Lair:5   | HP: 8/130 [poisoned by a black mamba]
 27427 | Lair:6   | Entered Level 6 of the Lair of Beasts
 27431 | Lair:5   | Nib: lal
 27431 | Lair:5   | Nib: i need to remove my distort weapon
 27431 | Lair:5   | Nib: for lair 6 lal
 27431 | Lair:5   | Cast into level 3 of the Abyss (a distortion unwield)
 27432 | Abyss:3  | Nib: lol fuck me
 27432 | Abyss:3  | Nib: p0werm0de you know this vault ?
 27441 | Abyss:3  | Noticed a green very ugly thing
 27444 | Abyss:3  | Noticed a green very ugly thing
 27454 | Abyss:3  | Noticed a green very ugly thing
 27454 | Abyss:3  | HP: 26/130 [wretched star/orb of energy (16)]
 27454 | Abyss:3  | Reached skill level 6 in Evocations
 27459 | Abyss:3  | Found a corrupted altar of Lugonu.
 27655 | Abyss:3  | Found a corrupted altar of Lugonu.
 27666 | Abyss:3  | Got a warped crystal plate armour
 27696 | Lair:5   | Escaped the Abyss
 27697 | Lair:5   | Nib: survived lol
 27697 | Lair:5   | Nib: found a crystal armour too
 27697 | Lair:5   | Identified the +2 crystal plate armour of the Shining Light
                  | {*Drain Int+6} (You found it on level 3 of the Abyss)
 28327 | Lair:6   | Noticed an entropy weaver
 28660 | Lair:6   | Killed an entropy weaver
 28660 | Lair:6   | Received a gift from Okawaru
 29074 | Lair:6   | Received a gift from Okawaru
 29370 | Lair:6   | Reached skill level 3 in Dodging
 29699 | Lair:6   | Noticed an entropy weaver
 29713 | Lair:6   | Killed an entropy weaver
 30035 | Lair:6   | Reached XP level 15. HP: 138/138 MP: 21/21
 30203 | Lair:6   | Found a staircase to the Slime Pits.
 30569 | Lair:6   | Received a gift from Okawaru
 30581 | Lair:6   | Got a shimmering centaur barding {god gift}
 30592 | Lair:6   | Identified the +3 centaur barding "Omoapneh" {rPois rF+
                  | Dex+4 Slay+3} (Okawaru gifted it to you on level 6 of the
                  | Lair of Beasts)
 31113 | D:13     | Found a runed gate.
 31114 | D:13     | Found a runed gate.
 31115 | D:13     | Found a runed gate.
 31118 | D:13     | Noticed Poomuxku's ghost (journeyman FoFi)
 31400 | D:13     | Noticed Maurice
 31404 | D:13     | Killed Maurice
 31664 | D:13     | p0werm0de: ehh
 31665 | D:13     | p0werm0de: didnt see
 31665 | D:13     | Nib: i was in abyss
 31665 | D:13     | p0werm0de: sry
 31665 | D:13     | Nib: from distort weapon :p
 31665 | D:13     | p0werm0de: 3 am man
 31665 | D:13     | p0werm0de: !gamesby nib
 31665 | D:13     | beem: nib has played 1656 games, between 2016-06-17
                  | 17:07:16 and 2018-10-09 23:35:31, won 28 (1.7%), high score
                  | 16624303, total score 228447661, total turns 17710259,
                  | play-time/day 1:20:32, total time 47d+6:12:36.
 31665 | D:13     | Nib: it's this game
 31665 | D:13     | p0werm0de: addicted?
 31665 | D:13     | Nib: go to sleep
 31665 | D:13     | Nib: :p
 31665 | D:13     | p0werm0de: ye i will
 31665 | D:13     | p0werm0de: only 3 hours tho tht sux
 31665 | D:13     | Nib: well at least lay down in your bed :p
 31856 | D:13     | p0werm0de: tried already 2 hrs ago
 31858 | D:13     | p0werm0de: its not like every human has steady sleep
 31869 | D:13     | p0werm0de: but ye prob can sleep now, gl
 31869 | D:13     | Nib: ^^
 32203 | D:13     | Killed Poomuxku's ghost
 32297 | D:14     | Found a gate to the Vaults.
 32398 | D:14     | Reached skill level 15 in Fighting
 32806 | D:14     | Reached skill level 6 in Dodging
 32952 | D:14     | Received a gift from Okawaru
 33395 | D:15     | Entered Level 15 of the Dungeon
 33420 | D:15     | Received a gift from Okawaru
 33468 | D:15     | Noticed Louise
 33502 | D:15     | Killed Louise
 33535 | D:15     | Received a gift from Okawaru
 33539 | D:15     | Got a translucent longbow {god gift}
 33540 | D:15     | Identified the +9 longbow of Xorus {freeze, rElec MR+
                  | Stlth-} (Okawaru gifted it to you on level 15 of the
                  | Dungeon)
 33813 | D:15     | Found a staircase to the Depths.
 34129 | D:15     | Reached XP level 16. HP: 133/150 MP: 22/22
 34354 | D:15     | Learned a level 6 spell: Statue Form
 34462 | Orc:1    | Entered Level 1 of the Orcish Mines
 34488 | Orc:1    | Noticed Erica
 34494 | Orc:1    | Killed Erica
 34546 | Orc:1    | Found a runed door.
 34548 | Orc:1    | Noticed Booproqi's ghost (journeyman DsFi)
 34747 | Orc:1    | Killed Booproqi's ghost
 34747 | Orc:1    | Reached skill level 1 in Translocations
 34775 | Orc:1    | Got an encrusted ring mail
 34792 | Orc:1    | Identified the +1 ring mail of Dicegeho {rF+} (You found it
                  | on level 1 of the Orcish Mines)
 34856 | Orc:1    | Found Suimol's Antique Weapon Boutique.
 34875 | Orc:1    | Received a gift from Okawaru
 35003 | Orc:1    | Reached skill level 1 in Spellcasting
 35045 | Orc:2    | Entered Level 2 of the Orcish Mines
 35169 | Orc:2    | Noticed Josephine
 35175 | Orc:2    | Killed Josephine
 35352 | Orc:2    | Noticed Sonja
 35355 | Orc:2    | Killed Sonja
 35419 | Orc:2    | Noticed Nergalle
 35423 | Orc:2    | Killed Nergalle
 35524 | Orc:2    | Found a roughly hewn altar of Beogh.
 35549 | Orc:2    | Found Ceuk's Antique Weapon Shoppe.
 35551 | Orc:2    | Found Zuiguoc's General Store.
 35555 | Orc:2    | Found Zantelust's Book Shoppe.
 35653 | Orc:2    | Found Dises's Antique Armour Shoppe.
 35698 | Orc:2    | Bought a scroll of identify for 24 gold pieces
 35698 | Orc:2    | Bought a scroll of identify for 24 gold pieces
 35698 | Orc:2    | Bought a scroll of identify for 24 gold pieces
 35698 | Orc:2    | Bought a potion of curing for 36 gold pieces
 35745 | Orc:2    | Noticed Snorg
 35761 | Orc:2    | Killed Snorg
 35761 | Orc:2    | Received a gift from Okawaru
 35772 | Orc:2    | Noticed Nessos
 35775 | Orc:2    | Killed Nessos
 35845 | Orc:2    | Noticed Rupert
 35855 | Orc:2    | Killed Rupert
 35855 | Orc:2    | Received a gift from Okawaru
 35912 | Orc:2    | Found a staircase to the Elven Halls.
 36035 | Orc:2    | Found a roughly hewn altar of Beogh.
 36100 | Orc:2    | Received a gift from Okawaru
 36100 | Orc:2    | Reached skill level 3 in Translocations
 36229 | Orc:2    | Bought a polished rapier for 243 gold pieces
 36229 | Orc:2    | Identified the cursed +0 rapier "Leju" {speed, rElec MP+9
                  | Str-5 Int+3 Dex+3} (You bought it in a shop on level 2 of
                  | the Orcish Mines)
 36384 | Swamp:1  | Entered Level 1 of the Swamp
 37133 | Swamp:2  | Noticed a thorn hunter
 37143 | Swamp:2  | Killed a thorn hunter
 37143 | Swamp:2  | Reached skill level 3 in Spellcasting
 37419 | Swamp:2  | Received a gift from Okawaru
 37420 | Swamp:2  | Got a crude ring mail {god gift}
 37869 | Swamp:2  | Identified the +1 ring mail of Sunlight {rC+ Dex+7}
                  | (Okawaru gifted it to you on level 2 of the Swamp)
 38024 | Swamp:3  | Noticed a thorn hunter
 38028 | Swamp:3  | Reached skill level 21 in Bows
 38032 | Swamp:3  | Killed a thorn hunter
 38628 | Swamp:3  | Reached XP level 17. HP: 150/159 MP: 23/23
 38660 | Swamp:3  | Paralysed by a hornet for 1 turns
 39424 | Swamp:4  | Entered Level 4 of the Swamp
 39908 | Swamp:4  | Reached skill level 6 in Translocations
 39957 | Swamp:4  | Received a gift from Okawaru
 40102 | Swamp:4  | Got a decaying rune of Zot
 40818 | Snake:1  | Entered Level 1 of the Snake Pit
 40875 | Snake:1  | Found Hophytetz's Book Emporium.
 40883 | Snake:1  | Bought a book of the Sky for 1040 gold pieces
 40883 | Snake:1  | Bought a manual of Air Magic for 1766 gold pieces
 40890 | Snake:1  | Learned a level 6 spell: Deflect Missiles
 40983 | Snake:1  | Reached skill level 1 in Air Magic
 41271 | Snake:1  | Found Nucyd's Antique Armour Shoppe.
 41337 | Snake:1  | Reached skill level 6 in Spellcasting
 41381 | Snake:1  | Reached skill level 3 in Air Magic
 41711 | Snake:1  | Found Keto Dua's Antique Armour Shop.
 42105 | Snake:2  | Received a gift from Okawaru
 42106 | Snake:2  | Got an encrusted longbow {god gift}
 42107 | Snake:2  | Identified the +1 longbow of Abomination {velocity, rF-
                  | Dex+3} (Okawaru gifted it to you on level 2 of the Snake
                  | Pit)
 42744 | Snake:2  | Found Ekyxedill's Jewellery Boutique.
 42746 | Snake:2  | Found Joytroq's Gadget Shoppe.
 42747 | Snake:2  | Found Viesm's Jewellery Boutique.
 42870 | Snake:2  | Reached XP level 18. HP: 133/170 MP: 27/27
 43225 | Snake:3  | Received a gift from Okawaru
 43320 | Snake:3  | Noticed Vashnia
 43339 | Snake:3  | Received a gift from Okawaru
 43673 | Snake:3  | Killed Vashnia
 43673 | Snake:3  | Reached skill level 6 in Air Magic
 43714 | Snake:3  | Noticed Kirke
 43720 | Snake:3  | Killed Kirke
 44260 | Snake:3  | Got an ebony shortbow {god gift}
 44261 | Snake:3  | Identified the +2 shortbow of the Fray {venom, rC+ Dex+2
                  | Stlth+} (Okawaru gifted it to you on level 3 of the Snake
                  | Pit)
 44276 | Snake:4  | Entered Level 4 of the Snake Pit
 44294 | Snake:4  | Found Dubbi's Food Shoppe.
 44339 | Snake:4  | Received a gift from Okawaru
 44423 | Snake:4  | Noticed Asterion
 44447 | Snake:4  | Reached skill level 1 in Necromancy
 44457 | Snake:4  | Killed Asterion
 44457 | Snake:4  | Reached skill level 1 in Charms
 44474 | Snake:4  | Received a gift from Okawaru
 44962 | Snake:4  | Found a runed door.
 44972 | Snake:4  | Noticed Musoz's ghost (adept MfIE)
 45099 | Snake:4  | Reached skill level 18 in Fighting
 45456 | Snake:4  | Reached skill level 9 in Air Magic
 45484 | Snake:4  | Reached skill level 3 in Necromancy
 45603 | Snake:4  | Reached skill level 3 in Charms
 45679 | Snake:4  | Received a gift from Okawaru
 45750 | Snake:4  | Got a serpentine rune of Zot
 46049 | Snake:4  | Killed Musoz's ghost
 46049 | Snake:4  | Reached XP level 19. HP: 157/179 MP: 31/31
 46389 | Elf:1    | Entered Level 1 of the Elven Halls
 46410 | Elf:1    | Received a gift from Okawaru
 46702 | Elf:1    | Received a gift from Okawaru
 47037 | Elf:1    | Found a runed gate.
 47164 | Elf:1    | Found a runed gate.
 47164 | Elf:1    | Found a runed gate.
 47164 | Elf:1    | Noticed Geoneut's ghost (adept SpEn)
 47234 | Elf:1    | Found a deep blue altar of Sif Muna.
 47239 | Elf:1    | Learned a level 3 spell: Portal Projectile
 47436 | Elf:2    | Found Miegef's Food Emporium.
 47494 | Elf:2    | Reached skill level 1 in Hexes
 47663 | Elf:2    | Found a large runed door.
 47663 | Elf:2    | Found a large runed door.
 47692 | Elf:2    | Found a large runed door.
 47692 | Elf:2    | Found a large runed door.
 48264 | Elf:2    | HP: 45/180 [trident of protection (5)]
 48269 | Elf:2    | HP: 38/180 [poisoned by a glaive of venom]
 48274 | Elf:2    | HP: 33/180 [poisoned by a glaive of venom]
 48279 | Elf:2    | HP: 29/180 [poisoned by a glaive of venom]
 48285 | Elf:2    | HP: 27/180 [poisoned by a glaive of venom]
 48290 | Elf:2    | HP: 26/180 [poisoned by a glaive of venom]
 48295 | Elf:2    | HP: 26/180 [poisoned by a glaive of venom]
 48302 | Elf:2    | HP: 26/180 [poisoned by a glaive of venom]
 48310 | Elf:2    | HP: 28/180 [poisoned by a glaive of venom]
 48925 | Elf:2    | Received a gift from Okawaru
 48969 | Elf:2    | Reached skill level 9 in Armour
 49248 | Elf:3    | Entered Level 3 of the Elven Halls
 49309 | Elf:3    | Found a frozen archway.
 49348 | IceCv    | Entered an ice cave
 49714 | IceCv    | Reached skill level 3 in Hexes
 49901 | IceCv    | Identified the +6 shortbow of the Unstoppable Seas
                  | {velocity, rElec} (You found it in an ice cave)
 50838 | Elf:3    | Received a gift from Okawaru
 50856 | Elf:3    | Got an opalescent robe {god gift}
 51101 | Elf:3    | Reached skill level 6 in Charms
 51103 | Elf:3    | Reached skill level 6 in Necromancy
 51103 | Elf:3    | Reached XP level 20. HP: 76/189 MP: 32/32
 52164 | Elf:3    | Identified the +1 cloak of the Dropbear {+Inv rF++ Str+3}
                  | (You found it on level 3 of the Elven Halls)
 52209 | Elf:3    | Got a bound golden ring
 52216 | Elf:3    | Identified the ring of Fewy {MP+9 Slay+2} (You took it off
                  | a deep elf master archer on level 3 of the Elven Halls)
 52217 | Elf:3    | Identified the +1 plate armour of Weightlessness {rN+} (You
                  | took it off a deep elf master archer on level 3 of the
                  | Elven Halls)
 52364 | Elf:3    | Identified the +1 hand crossbow of Prescription {penet,
                  | Str+4} (You found it on level 3 of the Elven Halls)
 52367 | Elf:3    | Identified the +1 arbalest of the Enchanted Forest {penet,
                  | rC+ rN+ Str+6} (You found it on level 3 of the Elven Halls)
 52643 | Vaults:1 | Entered Level 1 of the Vaults
 52680 | Vaults:1 | Reached skill level 12 in Air Magic
 52935 | Vaults:1 | Got a pair of spiked gloves
 52936 | Vaults:1 | Identified the +0 pair of gloves of Watchfulness {+Fly MR-
                  | rCorr Stlth+} (You found it on level 1 of the Vaults)
 53312 | Vaults:1 | Reached skill level 9 in Spellcasting
 53706 | Vaults:1 | Found a runed gate.
 53706 | Vaults:1 | Found a runed gate.
 53706 | Vaults:1 | Found a runed gate.
 53708 | Vaults:1 | Noticed Erid's ghost (adept DDFi)
 53840 | Vaults:1 | Received a gift from Okawaru
 54833 | Vaults:1 | Killed Erid's ghost
 55287 | Vaults:2 | Found Hiyrauq's General Store.
 55479 | Vaults:2 | Reached skill level 6 in Hexes
 55489 | Vaults:2 | Noticed Jory
 55503 | Vaults:2 | Killed Jory
 56063 | Vaults:2 | Received a gift from Okawaru
 56282 | Vaults:2 | Noticed Mennas
 56321 | Vaults:2 | Killed Mennas
 56866 | Vaults:2 | Reached XP level 21. HP: 196/196 MP: 34/34
 56909 | Vaults:2 | Received a gift from Okawaru
 57270 | Vaults:2 | Found a staircase to the Crypt.
 58086 | Snake:2  | Bought the ring of Xom's Recklessness {rElec Str-2 Dex+9
                  | Slay+4} for 1570 gold pieces
 58408 | Vaults:3 | Received a gift from Okawaru
 58498 | Vaults:3 | Received a gift from Okawaru
 58867 | Vaults:3 | Reached skill level 9 in Charms
 60974 | Vaults:4 | Received a gift from Okawaru
 61010 | Vaults:4 | Reached skill level 9 in Hexes
 61138 | Vaults:4 | Received a gift from Okawaru
 61636 | Vaults:4 | Found Weapadan's Antique Weapon Emporium.
 61651 | Vaults:4 | Reached XP level 22. HP: 162/206 MP: 35/35
 62557 | Depths:1 | Entered Level 1 of the Depths
 62665 | Depths:1 | Found Kebaitzy's Weapon Boutique.
 62674 | Depths:1 | Received a gift from Okawaru
 62704 | Depths:1 | Found Jafileod's Jewellery Shop.
 62775 | Depths:1 | Found a one-way gate leading to the halls of Pandemonium.
 62840 | Depths:1 | Received a gift from Okawaru
 62875 | Depths:1 | Received a gift from Okawaru
 63388 | Depths:1 | Found a gateway to Hell.
 63875 | Depths:1 | Found a gateway to a ziggurat.
 63991 | Depths:2 | Received a gift from Okawaru
 64315 | Depths:2 | Paralysed by a floating eye for 3 turns
 64359 | Depths:2 | Upgraded the game from 0.23-a0-305-g7ffd15e to
                  | 0.23-a0-307-gc3b755d
 65878 | Depths:2 | Received a gift from Okawaru
 66445 | Depths:2 | Identified the +5 battleaxe of Zeoqess {freeze, rF++ MP+9}
                  | (You found it on level 2 of the Depths)
 66582 | Depths:3 | Found a one-way gate to the infinite horrors of the Abyss.
 66744 | Depths:3 | Received a gift from Okawaru
 66908 | Depths:3 | Learned a level 8 spell: Controlled Blink
 66959 | Depths:3 | Reached XP level 23. HP: 202/214 MP: 37/37
 67000 | Depths:3 | Identified the cursed +1 ring mail "Ogai" {rN+ Slay+3} (You
                  | found it on level 3 of the Depths)
 67586 | Depths:3 | Reached skill level 12 in Charms
 68269 | Depths:3 | Got a crude demon whip
 68298 | Depths:3 | Identified the +6 demon whip of Crawling {elec, Dex+4} (You
                  | found it on level 3 of the Depths)
 68496 | Depths:4 | Received a gift from Okawaru
 68498 | Depths:4 | HP: 47/215 [ice dragon/blast of cold (40)]
 68503 | Depths:4 | HP: 3/215 [ice dragon/blast of cold (32)]
 68512 | Depths:4 | HP: 1/215 [shadow dragon/bolt of negative energy (52)]
 68528 | Depths:4 | HP: 36/215 [centaur warrior/arrow (15)]
 68534 | Depths:4 | HP: 19/215 [centaur warrior/arrow (3)]
 69156 | Depths:4 | Noticed an ancient lich
 69159 | Depths:4 | Received a gift from Okawaru
 69165 | Depths:4 | HP: 39/215 [ancient lich/bolt of negative energy (45)]
 69171 | Depths:4 | HP: 18/215 [ancient lich/poison arrow (19)]
 69173 | Depths:4 | HP: 3/215 [ancient lich/bolt of negative energy (19)]
 69176 | Depths:4 | Slain by an ice dragon

Vault maps used:
D:1:      evilmike_arrival_rings
D:2:      minmay_pentomino_r2
D:3:      lemuel_doored_altar, chequers_ecumenical_altar_grove, first_ration,
          nrook_mini_backslash, hangedman_glass_teeth, st_stairs_5,
          minmay_distorted
D:4:      vehumet_altar_wand_db, eat_drink_and_be_merry_uskayaw,
          hangedman_decor_lopped, uniq_robin, uniq_duvessa
D:5:      grunt_dithmenos_shadows, minmay_temple_entry_from_below_b,
          uniq_crazy_yiuf_cottage, uniq_edmund, uniq_sigmund
D:7:      corexii_shack_village, kennysheep_mini
D:8:      cheibrodos_iron_armory
D:9:      lemuel_ice_statue, overflow_temple_1_default, orc_0_dummy
D:11:     lair_entry_dummy, hangedman_fish_farm, grunt_decor_one_mirror,
          minmay_rotating_lava, uniq_grum
D:12:     serial_shops, shop_statue, basic_altar
D:13:     gammafunk_ghost_necromancy, uniq_maurice
D:14:     david_vaults_3, nicolae_sextant
D:15:     hangedman_depths_entry_try_elsewhere_first, serial_bayou,
          serial_bayou_pond_a, serial_bayou_shore_a, serial_bayou_pond_d,
          serial_bayou_pond_a, minmay_misc_feat_rugged, uniq_louise
Temple:   eino_temple_rhombus
Lair:1:   fungi_pond_lemuel
Lair:2:   guppyfry_snake_entry_island, cheibrodos_lair_lostbears, uniq_urug
Lair:3:   minmay_swamp_entry_swarm
Lair:4:   bobbens_dragon_lair_wall, grunt_megastairs_2,
          minmay_lair_oklob_chamber, lemuel_fruit_fields
Lair:6:   evilmike_catoblepas_cave, minmay_slime_entry_oklob_enclosed,
          minivault_29
Swamp:1:  evilmike_swamp_ruin_rubble_1, swamp_pool4, roderic_carrion_pond
Swamp:2:  evilmike_swamp_ruin_house_6, swamp_pool5
Swamp:3:  evilmike_swamp_ruin_rubble_2, swamp_pool3
Swamp:4:  swamp_basic_johnstein, infiniplex_staircase_pool
Snake:1:  serial_shops, shop, shop, shop
Snake:2:  grunt_megastairs_3, minmay_shop_grove
Snake:3:  uniq_kirke, uniq_vashnia
Snake:4:  snake_pit, ebering_ghost_inner_flame, serial_shops,
          nicolae_shop_trees, uniq_asterion
Orc:1:    ebering_ghost_inner_flame, serial_shops, nicolae_shop_behind_doors,
          uniq_erica
Orc:2:    grunt_orc_cross, minmay_orc_temple_a, uniq_sonja, uniq_nessos,
          uniq_snorg, uniq_josephine, uniq_rupert
Elf:1:    basic_altar, ebering_ghost_rock_garden, hangedman_elf_disciples
Elf:2:    serial_shops, nicolae_shop_stone, serial_sigils_hangedman_gut
Elf:3:    elf_hall_gauntlet_wide, portal_ice_cave_entry_pillars_four,
          minmay_misc_feat_alley
Vaults:1: gammafunk_vaults_ghost_split, v_alt_pattern_5,
          hangedman_vaults_restitches, vaults_dpeg_spiral,
          dpeg_vaults_monster_box, vaults_mumra_chevron,
          nicolae_vaults_network_periphery, v_alt_pattern_2, v_alt_pattern_4
Vaults:2: nicolae_vaults_network_quincunx, hangedman_vaults_nodes, v_rooms_4,
          nicolae_vaults_diagonal_hallway_8, hangedman_vaults_stream, v_rooms_2,
          nicolae_vaults_little_squares_6, vaults_mumra_hexcomb,
          nicolae_vaults_little_ls, minmay_crypt_entry_simple_plaza,
          serial_shops, shop, uniq_mennas, uniq_jory
Vaults:3: vaults_room_hallway, nicolae_vaults_network_quinsquares,
          nicolae_vaults_border_crossing, vaults_mumra_chevron_long,
          nicolae_vaults_ring_of_whatevers, ontoclasm_vaults_pinch, st_diamondy,
          vaults_room_corners, nicolae_vaults_little_squares_1,
          vaults_room_large_hall, v_alt_pattern_4, vaults_dpeg_encased_lava,
          nicolae_vaults_alarming
Vaults:4: v_misc_12, nicolae_vaults_arrows, vaults_room_corners, v_pattern_1,
          grunt_vaults_hallway_long, ontoclasm_vaults_ring_square, v_misc_1,
          v_misc_9, grunt_vaults_hallway_short, grunt_vaults_diagonal,
          vaults_room_mumra_shop_pool, ontoclasm_vaults_gateway
Depths:1: enter_ziggurat_a, grunt_hell_entry_dis_mu, minmay_misc_feat_enclosed,
          pan_entry, nrook_kobold_shadow_demons, minmay_shoptagon
Depths:2: radiant_caverns_a_rkd, hell_entry
Depths:3: minmay_two_paths, pan_entry, hangedman_abyss_or_decor_slice,
          hangedman_abyss_entry_splay, hellmouth_1, st_stairs_5,
          minmay_misc_feat_five, minmay_staircase_bubble, serial_bayou_shore_b
Depths:4: minmay_the_grid_plus, marbit_kobold_abyss_entry,
          minmay_misc_feat_plants, hell_entry, solitary_fountain
Abyss:3:  grunt_abyss_rune_wretched_hive, patterned_corridor
IceCv:    ice_cave_tombish

Action                   |  1- 3 |  4- 6 |  7- 9 | 10-12 | 13-15 | 16-18 | 19-21 | 22-24 || total
-------------------------+-------+-------+-------+-------+-------+-------+-------+-------++-------
Melee: Short sword       |    99 |   164 |   109 |       |       |       |       |       ||   372
       Kick              |    15 |    37 |    74 |    49 |    44 |       |       |       ||   219
       Mace              |       |       |   100 |       |       |       |       |       ||   100
       Trident           |       |       |    71 |   291 |    20 |       |       |       ||   382
       Morningstar       |       |       |       |       |   152 |       |       |       ||   152
       Broad axe         |       |       |       |       |     3 |       |       |       ||     3
 Fire: Shortbow          |    20 |    48 |    55 |   375 |       |       |       |       ||   498
       Longbow           |       |       |       |   489 |  1436 |  1618 |  1666 |   847 ||  6056
 Cast: Regeneration      |       |       |       |       |       |       |       |     4 ||     4
Evoke: Wand              |       |     5 |    21 |     2 |     6 |     5 |    12 |     2 ||    53
       Lightning rod     |       |       |       |       |       |       |     3 |       ||     3
       Lamp of fire      |       |       |       |       |       |       |     2 |     1 ||     3
  Use: Scroll            |     7 |     4 |     4 |    14 |    16 |     8 |    24 |     8 ||    85
       Potion            |       |     7 |     4 |     5 |     5 |       |     6 |     8 ||    35
 Stab: Sleeping          |     1 |       |     3 |     4 |       |       |       |       ||     8
       Distracted        |       |     1 |       |       |       |       |       |       ||     1
       Paralysed         |       |       |       |       |     6 |       |       |       ||     6
  Eat: Chunk             |     2 |     2 |     2 |    12 |     8 |       |       |       ||    26
       Ration            |       |     2 |     3 |     5 |    10 |    11 |    14 |     9 ||    54
Armor: Leather armour    |    15 |       |       |       |   247 |       |       |       ||   262
       Ring mail         |    43 |    74 |   139 |   151 |       |       |       |       ||   407
       Skin              |       |     7 |       |       |       |       |       |       ||     7
       Scale mail        |       |       |       |     6 |       |       |       |       ||     6
       Plate armour      |       |       |       |       |    37 |   237 |   317 |   180 ||   771
Dodge: Dodged            |    50 |    74 |   111 |   151 |   276 |   138 |   209 |   128 ||  1137
Block: Other             |       |       |       |    41 |    58 |       |       |       ||    99
       Reflection        |       |       |       |     1 |       |       |       |       ||     1
